AoeStats
← JeGrandchamp

Runestones

508057676Analyzed
1v1 RM · 11d ago on Sep 20, 2026· 32m 56s· 2 players
Game mode
Random Map
Map size
Tiny (2 player)
Population
200
Speed
Normal
Resources
Standard
Victory
Conquest
Starting age
Dark Age
Ending age
Imperial Age
RankedLock teamsTeams togetherTeam positionsShared explorationLock speedFull tech treeHidden civsTurbo modeCheats
Victory
Defeat
🇹🇼 Bohemians · Taiwan
884
+33
🇨🇦 Tatars · Canada
927
-18
JeGrandchamp
6:02 Loom
9:25 Feudal Age
13:32 Horse Collar
18:41 Double-Bit Axe
20:48 Wheelbarrow
21:00 Bloodlines
23:13 Castle Age
21:25 Scale Barding Armor
23:11 Forging
23:27 Gold Mining
24:22 Husbandry
24:49 Light Cavalry
26:54 Chain Barding Armor
30:43 Hand Cart
30:54 Man-at-Arms
32:39 Fletching
32:29 Long Swordsman
BooM
11:34 Feudal Age
12:39 Double-Bit Axe
14:54 Horse Collar
18:57 Castle Age
19:48 Loom
20:54 Bow Saw
21:43 Wheelbarrow
22:29 Husbandry
22:58 Scale Barding Armor
26:32 Pikeman
28:08 Scale Mail Armor
28:33 Squires
31:08 Hand Cart
30:40 Town Watch
Connection lost

Rejoining the realm…

Still unreachable

The connection could not be restored.

Session expired

The server has moved on; the page needs a fresh start.